 Dungeon Crawl Stone Soup version 0.28.0-45-g0d030f2227 (webtiles) character file.

Game seed: 12871596739361086419

510 bobregger the Cudgeller (level 7, 0/105 HPs)
             Began as an Ogre Berserker on Apr 22, 2022.
             Was a Believer of Trog.
             Shot with an arrow by a centaur (3 damage)
             ... on level 5 of the Dungeon.
             The game lasted 00:05:15 (4078 turns).

bobregger the Cudgeller (Ogre Berserker)            Turns: 4078, Time: 00:05:16

Health: 0/105      AC:  7    Str: 26    XL:     7   Next: 19%
Magic:  7/7        EV: 10    Int:  8    God:    Trog [**....]
Gold:   124        SH:  0    Dex:  8    Spells: 6/6 levels left

rFire   . . .      SeeInvis .   m - +2 flail (holy)
rCold   . . .      Faith    .   (no shield)
rNeg    . . .      Spirit   .   b - +0 animal skin
rPois   .          Reflect  .   (helmet restricted)
rElec   .          Harm     .   (no cloak)
rCorr   .          Rampage  .   (gloves unavailable)
Will    .....                   (boots unavailable)
Stlth   ..........              (no amulet)
HPRegen 0.27/turn               f - ring "Vucsukasti" {AC+4 Str+2}
MPRegen 0.10/turn               (no ring)

@: berserking, marked, very quick
A: large, unfitting armour, tough skin 1
a: Renounce Religion, Berserk, Trog's Hand


You were on level 5 of the Dungeon.
You worshipped Trog.
Trog was pleased with you.
You visited 1 branch of the dungeon, and saw 5 of its levels.

You collected 124 gold pieces.

Inventory:

Hand Weapons
 m - a +2 flail of holy wrath (weapon)
Armour
 b - a +0 animal skin (worn)
Jewellery
 f - the ring "Vucsukasti" (left hand) {AC+4 Str+2}
   (You found it on level 3 of the Dungeon)

   [ring of protection]

   AC:        It affects your AC (+4).
   Str:       It affects your strength (+2).
Wands
 a - a wand of acid (10)
 e - a wand of flame (52)
Scrolls
 c - 7 scrolls of identify {unknown}
 h - a scroll of holy word {unknown}
 l - a scroll of magic mapping {unknown}
Potions
 d - 3 potions of curing {unknown}
 g - 2 potions of heal wounds {unknown}
 i - 2 potions of invisibility {unknown}
 j - 2 potions of attraction {unknown}
 k - a potion of degeneration {unknown}


   Skills:
 - Level 4.0 Fighting
 + Level 7.3 Maces & Flails
 - Level 2.6 Dodging


You had 6 spell levels left.
You didn't know any spells.
Your spell library was empty.

Dungeon Overview and Level Annotations

Branches:
Dungeon (5/15)
 Temple: D:4-7

Altars:
Elyvilon
Kikubaaqudgha
Sif Muna
Trog
Yredelemnul
The Shining One


Innate Abilities, Weirdness & Mutations

You are too large for most types of armour.
You have tough skin. (AC +1)


Message History

The white imp shouts!
A white imp is nearby!
A white imp is nearby!
The white imp barely misses you. The white imp barely misses you.
You hit the white imp but do no damage.
The white imp hits you but does no damage.
You sock the white imp!
You kill the white imp!
Trog accepts your kill.
c - 7 scrolls labelled POOMOD INEKATU (gained 1)
A sourceless malevolence fills the Dungeon...
With a horrendous wail, an alarm goes off!
A sentinel's mark forms upon you.
You hear a shout! x6; You hear an angry hiss.
You hear a shout!
You hear an angry growl.
You hear a loud, deep croak!
You hear an angry growl.
You hear a shout!
You hear an angry hiss. x2; You hear a shout! x5
You hear an angry hiss.
An adder zombie comes into view.
A centaur comes into view.
The centaur wields a +2 vorpal shortbow.
The centaur shoots an arrow.
The arrow misses you.
The centaur shoots an arrow.
The arrow hits you!
The centaur shoots an arrow.
The arrow hits you!
The centaur shoots an arrow.
The arrow hits you!
A scorpion comes into view.
An adder comes into view.
The centaur shoots an arrow.
The arrow hits you.
The centaur shoots an arrow.
The arrow hits you.
* * * LOW HITPOINT WARNING * * *
x2 The centaur shoots an arrow.
The arrow hits you.
* * * LOW HITPOINT WARNING * * *
x2 A red film seems to cover your vision as you go berserk!
You feel yourself moving faster!
You feel mighty!
The centaur shoots an arrow.
The arrow hits you!
* * * LOW HITPOINT WARNING * * *
x2 You feel a strong urge to attack something.
The centaur shoots an arrow.
The arrow hits you!
* * * LOW HITPOINT WARNING * * *
You die...

#.........####.###
#.........c.##...## .
###.........#...##..#
.##...........###...#
..>...######### ##c.#
.....# #######.## .....#
#.......####.#
.....#######..............
.....#..........@........#
.......................###
.....########..........#
.......................#
.....###################
#.#### ..# ###


You could see a centaur.

Vanquished Creatures
  A black bear (D:5)
  A scorpion (D:3)
  An orc priest (D:4)
  An iguana (D:3)
  Ijyb (D:3)
  Natasha (thrice) (D:3)
  A hound skeleton (D:4)
  4 gnolls (D:4)
  6 adders
  A white imp (D:5)
  4 worms
  4 dart slugs
  6 orcs
  6 bats
  9 endoplasms
  3 giant cockroaches
  6 hobgoblins
  A jackal (D:3)
  3 quokkas
  5 ball pythons
  2 frilled lizards
  5 goblins
  4 kobolds
  A rat (D:3)
79 creatures vanquished.

Vanquished Creatures (others)
  A plant (D:5)
1 creature vanquished.

Grand Total: 80 creatures vanquished

Notes
Turn   | Place    | Note
-------+----------+-------------------------------------------
     0 | D:1      | bobregger the Ogre Berserker began the quest for the Orb.
     0 | D:1      | Reached XP level 1. HP: 24/24 MP: 1/1
   201 | D:1      | Reached skill level 3 in Maces & Flails
   290 | D:1      | Reached XP level 2. HP: 17/32 MP: 2/2
   515 | D:1      | You fall into a shaft and drop 1 floor!
   762 | D:2      | Reached XP level 3. HP: 39/39 MP: 3/3
   852 | D:2      | Reached skill level 4 in Maces & Flails
  1138 | D:2      | Found a faded altar of an unknown god.
  1186 | D:2      | Found a bloodstained altar of Trog.
  1344 | D:3      | Noticed Ijyb
  1357 | D:3      | Killed Ijyb
  1358 | D:3      | Reached XP level 4. HP: 40/48 MP: 4/4
  1485 | D:3      | Identified the ring "Vucsukasti" {AC+4 Str+2}
  1998 | D:3      | Reached skill level 5 in Maces & Flails
  2020 | D:3      | Found an ancient bone altar of Kikubaaqudgha.
  2163 | D:3      | Noticed Natasha
  2175 | D:3      | Killed Natasha
  2176 | D:3      | Reached XP level 5. HP: 54/54 MP: 5/5
  2306 | D:3      | Found a basalt altar of Yredelemnul.
  2452 | D:3      | Found a bloodstained altar of Trog.
  2642 | D:3      | Noticed Natasha
  2651 | D:3      | Killed Natasha
  2795 | D:3      | Noticed Natasha
  2803 | D:3      | Killed Natasha
  2939 | D:4      | Reached ** piety under Trog
  2940 | D:4      | Reached XP level 6. HP: 34/62 MP: 6/6
  2947 | D:3      | Reached skill level 6 in Maces & Flails
  3430 | D:4      | Found a glowing golden altar of the Shining One.
  3611 | D:4      | Found a shimmering blue altar of Sif Muna.
  3705 | D:4      | Found a white marble altar of Elyvilon.
  3975 | D:5      | Entered Level 5 of the Dungeon
  3981 | D:5      | Noticed a black bear
  3987 | D:5      | Killed a black bear
  3988 | D:5      | Reached skill level 7 in Maces & Flails
  3988 | D:5      | Reached XP level 7. HP: 70/70 MP: 7/7
  4078 | D:5      | HP: 3/105 [centaur/arrow (8)]
  4078 | D:5      | Shot with an arrow by a centaur

Illustrated notes

Levels and vault maps discovered:
D:1:      lemuel_arrival_river_bridge, layout_basic, serial_corexii_hall,
          corexii_hall_statues_u, chequers_hall_statues_wall_a, serial_shops,
          nicolae_shop_competitors_out_of_business
D:2:      layout_basic, hellmonk_ecumenical_altar_inner_sanctum, basic_altar
D:3:      minmay_evil_eye, layout_basic, nicolae_kikubaaqudgha_miasma_corner,
          mainiacjoe_overflow_catwalk, mainiacjoe_overflow_small_starburst,
          uniq_ijyb, uniq_natasha
D:4:      layout_cave_pools, mainiacjoe_overflow_alcove_2,
          mainiacjoe_overflow_big_doors
D:5:      layout_rooms, mainiacjoe_overflow_boulevard,
          chequers_serial_rivers_large_a, minmay_misc_feat_secret_circle,
          uniq_prince_ribbit1, uniq_blork_the_orc, uniq_edmund

Skill      XL: |  1  2  3  4  5  6 |
---------------+-------------------+-----
Maces & Flails | 3 4 5 7 |  7.3
Fighting       | |  4.0
Dodging        | |  2.6

Action                   |  1- 3 |  4- 6 |  7- 9 || total
-------------------------+-------+-------+-------++-------
Melee: Mace              |    68 |   195 |       ||   263
       Punch             |     1 |     1 |       ||     2
       Flail             |       |     4 |     2 ||     6
Invok: Berserk           |     3 |     5 |     1 ||     9
Armor: Animal skin       |    24 |    95 |     1 ||   120
Dodge: Dodged            |    39 |   115 |     3 ||   157
